 Dungeon Crawl Stone Soup version 0.31-a0-879-g1609e0ac53 (webtiles) character file.

Game seed: 18243386571213770435

1 Kurtz the Sneak (level 1, 13/21 HPs)
             Began as a Naga Delver on Oct 14, 2023.
             Quit the game on level 5 of the Dungeon.
             The game lasted 00:00:28 (104 turns).

Kurtz the Sneak (Naga Delver)                        Turns: 104, Time: 00:00:28

Health: 13/21      AC:  1    Str: 14    XL:     1   Next: 20%
Magic:  1/1        EV:  9    Int: 10    God:
Gold:   16         SH:  0    Dex: 12    Spells: 0/0 levels left

rFire   . . .        a - +0 hand axe
rCold   . . .        (no shield)
rNeg    . . .        b - +0 leather armour
rPois   +            (no helmet)
rElec   .            (no cloak)
rCorr   .            (no gloves)
SInv    +            (no barding)
Will    .....        (no amulet)
Stlth   +++          (no ring)
HPRegen 0.23/turn    (no ring)
MPRegen 0.07/turn

%: no passive effects
@: very slow
A: AC +0, large, see invisible, deformed body, poison resistance, slowness 2,
spit poison 1, naga tail 1
a: Spit Poison


You were on level 5 of the Dungeon.
You visited 1 branch of the dungeon, and saw 1 of its levels.

You collected 16 gold pieces.

Inventory:

Hand Weapons
 a - a +0 hand axe (weapon)
Armour
 b - a +0 leather armour (worn)
Wands
 g - a wand of digging (3)
Scrolls
 c - a scroll of fog
 d - a scroll of revelation
 h - a scroll of identify {unknown}
Potions
 f - a potion of haste


   Skills:
 - Level 3.0 Fighting
 * Level 2.1 Axes
 - Level 1.5 Dodging
 - Level 7.2 Stealth


You couldn't memorise any spells.
You didn't know any spells.
Your spell library was empty.

Dungeon Overview and Level Annotations

Branches:
Dungeon (5/15)
 Temple: D:4-7

Altars:

Annotations:
D:5 Blork the orc


Innate Abilities, Weirdness & Mutations

Your serpentine skin is tough. (AC +0)
You have supernaturally acute eyesight. (SInv)
Armour fits poorly on your strangely shaped body.
Your system is resistant to poisons. (rPois)
You cover ground very slowly.
You can spit poison.
You have a snake-like lower body.


Message History

Blork the orc comes into view.
He is wielding a +0 hand axe.
The helpless quokka fails to defend itself.
You hit the quokka.
The quokka is moderately wounded.
The quokka bites you. x2
You completely miss the quokka.
The quokka is moderately wounded.
The quokka barely misses you.
You closely miss the quokka.
The quokka is moderately wounded.
The quokka barely misses you. The quokka bites you.
You hit the quokka.
You kill the quokka!
An orc comes into view.
It is wielding a +0 hand axe of electrocution.
The orc shouts!
You hear a shout!
An orc priest comes into view. It is wielding a +0 hand axe.
You hit the orc but do no damage.
The orc hits you with a +0 hand axe of electrocution.
You hit the orc.
The orc is lightly wounded.
The orc closely misses you.
You barely miss the orc.
The orc is lightly wounded.
The orc hits you with a +0 hand axe of electrocution.
You barely miss the orc.
The orc is lightly wounded.
An orc wizard comes into view. It is wielding a +0 dagger.
The orc hits you with a +0 hand axe of electrocution.
As you read the scroll of fear, it crumbles to dust.
You assume a fearsome visage.
The orc looks frightened!
The orc priest looks frightened!
The orc priest shouts!
The orc wizard looks frightened!
The orc wizard mumbles some strange words.
The orc wizard flickers and vanishes for a moment.
Cornered, the orc priest turns to fight!
The orc priest looks encouraged for a moment.
Cornered, the orc wizard turns to fight!
Okay, then.
Are you sure you want to abandon this character and quit the game? (Confirm with "yes".)

#####.....#
#.........#
#.###.....#######
#............#
#o##..######.#
#.##..### #.#
#.##....# #.#
#.##.##.####.#
#..@.........#
####.##.######
#######.##.########
........##.#......#
########..........#
#.#.#...#..##
........###..#
###.#.#.## ##.###
........# #....##


There were no monsters in sight!

Vanquished Creatures
  A quokka (D:5)
1 creature vanquished.

Notes
Turn   | Place    | Note
-------+----------+-------------------------------------------
     0 | D:5      | Kurtz the Naga Delver began the quest for the Orb.
     0 | D:5      | Reached XP level 1. HP: 21/21 MP: 1/1
    33 | D:5      | Noticed Blork the orc
    82 | D:5      | Noticed an orc priest
    94 | D:5      | Noticed an orc wizard
   104 | D:5      | Quit the game

Illustrated notes

Levels and vault maps discovered:
D:5:      layout_loops_ring, minmay_fractal_squares_gapless_5, uniq_eustachio,
          uniq_edmund, uniq_sigmund, uniq_blork_the_orc

Action                     || total
---------------------------++-------
  Melee: Hand axe          ||     8
    Use: Scroll            ||     1
   Stab: Sleeping          ||     1
 Armour: Leather armour    ||     6
  Dodge: Dodged            ||     3

Table legend: (Time is in decaauts)
 A = Elapsed time spent in this place.
 B = Non-inter-level travel time spent in this place.
 C = Inter-level travel time spent in this place.
 D = Time resting spent in this place.
 E = Time spent auto-exploring this place.
 F = Levels seen in this place.
 G = Mean time per level.
                   A        B        C        D        E       F      G
               +--------+--------+--------+--------+--------+-----+--------+
         Total |    142 |    142 |      0 |      0 |     37 |   1 |  142.0 |
       Dungeon |    142 |    142 |      0 |      0 |     37 |   1 |  142.0 |
               +--------+--------+--------+--------+--------+-----+--------+

Top non-repeatable levels by time:
     D:5: 142 daAuts
